Map: Dusk Towers

Players

ketchupfreak

  • Race: Protoss Protoss

Miszu - Winner!

  • Race: Terran Terran
  • League: Master

VOD

Have the link to the VOD?

Description

Time

  • Played on: April 4, 2016, 12:36 p.m.
  • Length: 11:26
Show
View Real Time Build Order
Export as new Build Order

ketchupfreak Protoss 

Build Orders:  

Get SALT Encoding   

  12  0:02  Probe (Chrono Boost)  
  13  0:13  Probe (Chrono Boost)  
  14  0:18  Pylon  
  14  0:24  Probe (Chrono Boost)  
  15  0:38  Forge  
  15  0:40  Probe (Chrono Boost)  
  16  1:06  Pylon  
  16  1:30  Gateway  
  16  1:34  Photon Cannon  
  16  1:37  Gateway  
  16  1:40  Photon Cannon  
  16  1:44  Probe (Chrono Boost)  
  17  2:02  Probe (Chrono Boost)  
  17  2:15  Photon Cannon  
  17  2:18  Zealot (Chrono Boost)  
  17  2:21  Probe  
  20  2:28  Pylon  
  20  2:34  Zealot (Chrono Boost)  
  20  2:36  Photon Cannon  
  22  2:58  Photon Cannon  
  22  3:03  Probe  
  22  3:05  Assimilator  
  21  3:16  Photon Cannon  
  21  3:17  Probe  
  22  3:21  Assimilator  
  22  3:30  Photon Cannon  
  20  3:42  Zealot (Chrono Boost)  
  20  3:46  Probe (Chrono Boost)  
  23  3:52  Cybernetics Core  
  23  3:58  Probe (Chrono Boost)  
  23  3:59  Nexus  
  24  4:08  Probe (Chrono Boost)  
  25  4:19  Probe (Chrono Boost)  
  26  4:29  Warp Gate (Chrono Boost)  
  26  4:39  Twilight Council  
  26  4:46  Adept  
  26  4:49  Pylon  
  28  5:11  Probe  
  28  5:12  Probe  
  28  5:15  Pylon  
  28  5:24  Probe  
  29  5:43  Probe  
  29  5:44  Probe  
  29  5:45  Dark Shrine  
  31  5:50  Assimilator  
  31  5:54  Probe  
  31  5:56  Probe  
  33  6:05  Nexus  
  31  6:18  Gateway, Pylon  
  31  6:19  Gateway  
  31  6:22  Gateway  
  31  6:25  Pylon  
  31  6:26  Protoss Ground Weapons Level 1 (Chrono Boost)  
  31  6:31  Probe x2 (Chrono Boost)  
  33  6:43  Pylon  
  33  6:49  Gateway  
  33  6:57  Photon Cannon  
  33  7:12  Photon Cannon  
  33  7:13  Dark Templar  
  35  7:18  Dark Templar x2  
  37  7:39  Mothership Core (Chrono Boost)  
  37  7:54  Dark Templar x3  
  43  8:05  Probe x2 (Chrono Boost)  
  45  8:07  Assimilator  
  45  8:15  Probe (Chrono Boost)  
  46  8:21  Protoss Ground Weapons Level 2 (Chrono Boost)  
  44  8:37  Dark Templar  
  44  8:57  Dark Templar  
  44  8:58  Dark Templar  
  42  9:10  Dark Templar  
  42  9:33  Dark Templar x2  
  45  9:44  Nexus  
  45  9:48  Photon Cannon  
  45  9:50  Photon Cannon  
  45  9:59  Pylon, Probe  
  46  10:04  Pylon  
  46  10:11  Probe  
  43  10:23  Probe  
  44  10:34  Dark Templar x3  
  23  10:55  Gateway  
  16  10:57  Gateway  
  16  11:00  Pylon  
  3  11:16  Dark Shrine  
Show
View Real Time Build Order
Export as new Build Order

Miszu Terran - Winner!

Build Orders: Command Center First (CC), MMM Bio 

Get SALT Encoding   

  12  0:00  SCV  
  13  0:12  SCV  
  14  0:17  Supply Depot  
  14  0:25  SCV  
  15  0:39  SCV  
  16  0:51  SCV  
  17  0:59  Command Center  
  17  1:03  SCV  
  18  1:15  Barracks  
  18  1:17  SCV  
  19  1:30  Barracks  
  19  1:33  SCV  
  20  1:46  Barracks  
  20  1:53  SCV  
  21  2:02  Marine  
  21  2:04  Bunker  
  22  2:10  Bunker  
  21  2:17  Marine  
  21  2:20  Marine  
  23  2:27  Refinery x2  
  23  2:33  Marine  
  24  2:37  Marine  
  24  2:45  SCV  
  24  2:49  Marine  
  26  2:51  Marine  
  26  2:55  Marine  
  26  3:07  Marine  
  26  3:09  Marine  
  28  3:13  Marine  
  30  3:32  Factory  
  30  3:34  SCV  
  30  3:36  Supply Depot  
  30  3:44  Orbital Command  
  29  3:51  Barracks Tech Lab  
  29  3:55  Orbital Command  
  29  4:07  Marine x2  
  31  4:10  SCV  
  32  4:17  Factory Tech Lab  
  32  4:25  Marine, Stimpack  
  32  4:27  SCV  
  35  4:33  Supply Depot  
  35  4:38  Siege Tank  
  37  4:39  SCV  
  38  4:49  Engineering Bay  
  38  4:54  Marine x2, SCV x2  
  41  5:06  SCV  
  42  5:07  SCV  
  42  5:12  Siege Tank  
  46  5:18  Missile Turret  
  46  5:21  Missile Turret  
  46  5:26  Supply Depot, SCV  
  46  5:31  SCV  
  46  5:48  Starport, SCV x2  
  48  5:53  Marine x2  
  50  6:00  Marine, SCV  
  51  6:06  SCV  
  52  6:12  SCV  
  53  6:19  SCV  
  53  6:23  Supply Depot  
  54  6:31  Medivac  
  54  6:32  SCV  
  57  6:33  Refinery  
  57  6:35  Factory Reactor  
  57  6:40  Marine, Combat Shields  
  57  6:42  Marine, SCV  
  60  6:50  Marine  
  60  6:53  SCV  
  62  6:55  Supply Depot  
  64  7:01  Liberator  
  64  7:02  Liberator  
  64  7:06  SCV  
  63  7:09  Marauder  
  63  7:14  Barracks Reactor  
  65  7:15  SCV  
  65  7:21  Command Center  
  72  7:27  SCV  
  72  7:29  Marauder  
  73  7:30  Marine  
  73  7:33  SCV  
  73  7:36  Supply Depot  
  75  7:40  SCV  
  76  7:48  Marine  
  77  7:53  Marauder  
  77  7:55  SCV  
  77  7:56  SCV  
  77  7:59  Supply Depot  
  77  8:00  Supply Depot  
  77  8:03  Medivac  
  78  8:05  Medivac  
  78  8:06  Marine  
  78  8:07  SCV  
  78  8:10  SCV  
  82  8:19  Marine x2, SCV  
  85  8:21  Supply Depot  
  85  8:22  SCV  
  86  8:30  Marine x2  
  86  8:32  SCV  
  86  8:33  Orbital Command  
  88  8:34  SCV  
  88  8:37  Marine  
  88  8:40  Refinery  
  90  8:42  Marine  
  90  8:44  SCV  
  90  8:45  Concussive Shells  
  90  8:48  Marine, Terran Infantry Weapons Level 1  
  93  8:51  SCV  
  93  8:55  Marine, Marauder  
  97  9:01  SCV  
  98  9:06  Marauder  
  97  9:10  SCV x2  
  97  9:16  Marine x2, Marauder  
  103  9:27  Medivac x2, Marauder, Orbital Command  
  103  9:30  SCV  
  97  9:33  Marine  
  97  9:34  Marine  
  99  9:39  Marauder  
  99  9:44  Barracks  
  101  9:45  Barracks  
  101  9:48  Marine  
  101  9:49  Missile Turret  
  101  9:51  Marine x2  
  104  10:00  Marauder  
  104  10:06  Marine  
  105  10:09  Marine  
  105  10:12  Marine  
  106  10:22  Marauder  
  106  10:23  SCV x3  
  106  10:24  Marauder  
  106  10:27  Marine  
  113  10:30  Marine  
  113  10:32  Marine  
  113  10:33  Marine  
  113  10:35  SCV  
  102  10:43  Marauder  
  102  10:45  Marine  
  102  10:46  Marauder  
  102  10:48  Marine  
  104  10:50  Marine x2  
  106  11:02  Marine  
  113  11:04  Marine  
  113  11:05  Marine  
  113  11:07  Marine  
  113  11:08  Marine  
Tags
 
Add a new tag
Caveats
  • Supply blocks, unpowered buildings, or Contaminate may cause inaccurate times.
  • Supply counts are checked every 10 seconds.